caesar, chaotic male human Rogue | # |)..- q@# | -d------- |.......| |.......| |......<| |.......| |.......| --------- caesar the Cutpurse Experience level: 5 Strength: 13 Dexterity: 18 Constitution: 14 Intelligence: 8 Wisdom: 14 Charisma: 10 Health: 0(30) Energy: 20(20) Def: 6 Gold: 1349 Moves: 3448 Dungeon seed: lWGDU2OWRuJd0Tmo Game ID: caesar_1524051765 Your Inventory: Coins $ - 1349 gold pieces Weapons a - a blessed +0 short sword (weapon in hand) b - 6 +0 daggers (in quiver) F - a cursed +0 dagger O - 2 +0 daggers Armor e - an uncursed +1 leather armor (being worn) n - an uncursed +0 mummy wrapping r - an uncursed +1 orcish helm (being worn) z - an uncursed +0 oilskin cloak (being worn) N - an uncursed +0 dwarvish cloak Comestibles k - 6 uncursed food rations G - a cursed food ration Scrolls i - an uncursed scroll of light D - a cursed scroll of light Spellbooks L - an uncursed spellbook of light Potions c - an uncursed potion of sickness s - a blessed potion of speed J - an uncursed potion of speed K - an uncursed potion of see invisible Rings B - a cursed ring of teleportation Q - an uncursed ring of levitation Wands p - a wand of probing (0:3) R - a wand of speed monster (0:6) Tools d - an uncursed lock pick f - an uncursed sack g - an uncursed magic whistle H - a cursed blindfold I - a cursed oil lamp (0:1170) S - an uncursed tin opener Gems q - 2 uncursed worthless pieces of yellowish brown glass y - an uncursed worthless piece of orange glass Spells and supernatural/magical abilities: Name Level Category Fail Memory W - pray for help -- divine ? -- Your skills at the end: Fighting Skills Weapon Skills dagger [Basic] short sword [Basic] Spellcasting Skills Final Attributes: You were piously aligned. You were stealthy. You are dead. Vanquished creatures: a ghost a pony a fog cloud 2 gnome lords a kobold mummy a gray ooze a straw golem a little dog a floating eye a dwarf 5 rothes 4 giant bats a werejackal an iguana an acid blob a coyote a hobbit 4 hobgoblins 2 cave spiders a yellow mold a red mold a gnome 3 garter snakes 2 geckos 9 jackals 2 foxes 3 goblins a sewer rat 6 grid bugs 3 bats a lichen 5 newts 69 creatures vanquished. Voluntary challenges: You were an atheist. You used a wielded weapon 97 times, starting on turn 1. You read items or engraved 8 times, starting on turn 1565. You never genocided any monsters. You never polymorphed an object. You never changed form. You used no wishes. You never split a pudding. You never wrote Elbereth's name. You never violated your personal moral code. Dungeon overview: The Dungeons of Doom: levels 1 to 7 Level 1 a long staircase Level 2 a fountain stairs to The Gnomish Mines Level 3 an armor shop, a fountain Level 4 a sink Level 5 a fountain, a sink Level 6 a fountain Level 7 <- You were here The Gnomish Mines: Level 3 stairs to The Dungeons of Doom History has recorded: On T:1 you entered the Dungeons of Doom to retrieve the Amulet of Yendor! On T:62 you reached level 2 of The Dungeons of Doom. On T:416 you advanced to experience level 2. On T:728 you reached level 1 of The Gnomish Mines. On T:870 you reached level 3 of The Dungeons of Doom. On T:922 you reached level 4 of The Dungeons of Doom. On T:1136 you advanced to experience level 3. On T:1353 you reached level 5 of The Dungeons of Doom. On T:1433 you advanced to experience level 4. On T:1921 you advanced to experience level 5. On T:2245 you reached level 6 of The Dungeons of Doom. On T:3423 you reached level 7 of The Dungeons of Doom. Score breakdown: Gold: 1349 (10648 points) Experience: 5 levels (11141 points) Exploration: 7 levels ( 14.00%) (10497 points) Discoveries: 10 items ( 3.36%) ( 5495 points) Valuables value: (no points given unless you survive) Artifact value: 0 ( 0 points) Variety of kills: 32 monsters ( 8.40%) ( 8694 points) Turncount: 3448 turns ( -805 points) Survival: died (score multiplied by 80%) Total score: 36536 Latest messages: k - 6 food rations. The rothe hits! The rothe bites! The rothe misses. You hit the rothe! The rothe hits! The rothe bites! The rothe just misses! You kill the rothe! You hit the rothe. The rothe hits! The rothe bites! (2x) You throw 2 daggers. The 1st dagger hits the rothe. The 2nd dagger hits the rothe. Pudgy misses the rothe. The rothe hits! The rothe bites! (2x) You die... The sack is empty. The sack is empty. Final status: Goodbye caesar the Rogue, killed by a rothe... You died in The Dungeons of Doom on dungeon level 7 with 36536 points, and 1349 pieces of gold, after 3448 moves. You were level 5 with a maximum of 30 hit points when you died.